 Dungeon Crawl Stone Soup version 0.28.0 (webtiles) character file.

Game seed: 6057455248545032747

537352 GordonOverkill the Eclecticist (level 24, -8/158 HPs)
             Began as a Spriggan Summoner on Feb 13, 2022.
             Was the Champion of Vehumet.
             Mangled by a black draconian knight (10 damage)
             ... on level 2 of the Realm of Zot.
             The game lasted 05:10:47 (138997 turns).

GordonOverkill the Eclecticist (SpSu)             Turns: 138997, Time: 05:10:47

Health: -8/158     AC: 32    Str:  2    XL:     24   Next: 62%
Magic:  45/66      EV: 16    Int: 36    God:    Vehumet [******]
Gold:   1571       SH:  8    Dex: 17    Spells: 7/63 levels left

rFire   + + .      SeeInvis +   a - +6 long sword of Fedhas's Generosity {vorpal, Int+4 Stlth+}
rCold   + . .      Faith    .   g - +0 buckler of the Pits of Slime {rElec rF++ rC+}
rNeg    + + .      Spirit   .   (armour currently unavailable)
rPois   ∞          Reflect  .   C - +3 crown of Dyrovepreva {rElec Int+2 SInv}
rElec   +          Harm     .   L - scarf {repulsion}
rCorr   +          Rampage  +   (gloves unavailable)
Will    ++++.      Rnd*Tele +   (boots unavailable)
Stlth   +++++.....              F - amulet of Jurrosougu {RegenMP Rampage MP+9}
HPRegen 0.00/turn               e - ring "Ronocvod" {rCorr MP+9 Int+4}
MPRegen 0.80/turn               X - ring "Ininiq" {rElec rN+ rCorr}

@: statue-form, unable to drink, inhibited regen, studying Long Blades, repel
missiles, unable to read, very slow
A: slow and powerful, torment resistance 1, boosted hp, very small, no large
weapons, unfitting armour, see invisible, (speed 3), (iridescent scales 1),
clever 1, clumsy 1, deformed body, frail 1, inhibited regeneration, teleportitis
1, weak 1, inability to read while threatened, MP-powered wands, devolution 1
}: 3/15 runes: serpentine, barnacled, slimy
a: End Transformation, Renounce Religion


You were on level 2 of the Realm of Zot.
You worshipped Vehumet.
Vehumet was exalted by your worship.
You were a living statue of rough stone.
You visited 11 branches of the dungeon, and saw 53 of its levels.
You visited 1 bazaar.
You also visited: Trove and Ice Cave.

You collected 6045 gold pieces.
You spent 4474 gold pieces at shops.

Inventory:

Hand Weapons
 a - the +6 long sword of Fedhas's Generosity (weapon) {vorpal, Int+4 Stlth+}
   (You found it on level 7 of the Dungeon)

   It inflicts extra damage upon your enemies.
   Int:       It affects your intelligence (+4).
   Stlth:     It makes you more stealthy.
 b - the +10 long sword of the Crypt {spect, rPois rF+}
   (You took it off a deep elf annihilator on level 3 of the Elven Halls)

   When its wielder attacks, the weapon's spirit leaps out and strikes again.
   The spirit shares a part of any damage it takes with its wielder.
   rF:        It protects you from fire.
   rPois:     It protects you from poison.
Missiles
 x - 8 throwing nets (quivered)
 H - 24 curare-tipped darts
Armour
 g - the +0 buckler of the Pits of Slime (worn) {rElec rF++ rC+}
   (You found it in a treasure trove)

   rF:        It greatly protects you from fire.
   rC:        It protects you from cold.
   rElec:     It insulates you from electricity.
 j - a +2 robe (melded)
 C - the +3 crown of Dyrovepreva (worn) {rElec Int+2 SInv}
   (You found it in a treasure trove)

   Int:       It affects your intelligence (+2).
   rElec:     It insulates you from electricity.
   SInv:      It lets you see invisible.
 L - a scarf of repulsion (worn)
Magical Staves
 R - a staff of cold
Jewellery
 e - the ring "Ronocvod" (left fist) {rCorr MP+9 Int+4}
   (You found it on level 5 of the Pits of Slime)

   [ring of magical power]

   Int:       It affects your intelligence (+4).
   MP:        It affects your magic capacity (+9).
   rCorr:     It protects you from acid and corrosion.
 i - the ring "Sesoe" {rC+ rN+ Will+ MP+9 Str-2 SInv}
   (You acquired it on level 2 of the Snake Pit)

   [ring of protection from cold]

   Str:       It affects your strength (-2).
   rC:        It protects you from cold.
   rN:        It protects you from negative energy.
   MP:        It affects your magic capacity (+9).
   SInv:      It lets you see invisible.
   Will:      It increases your willpower.
 t - a ring of willpower
 F - the amulet of Jurrosougu (around neck) {RegenMP Rampage MP+9}
   (You bought it in a shop on level 2 of the Elven Halls)

   [amulet of magic regeneration]

   It increases your rate of magic regeneration.
   MP:        It affects your magic capacity (+9).
   Rampage:   It bestows one free step when moving towards enemies.
 X - the ring "Ininiq" (right fist) {rElec rN+ rCorr}
   (You bought it in a shop on level 2 of the Orcish Mines)

   [ring of resist corrosion]

   rElec:     It insulates you from electricity.
   rN:        It protects you from negative energy.
   rCorr:     It protects you from acid and corrosion.
Wands
 m - a wand of digging (11)
 n - a wand of acid (13)
 r - a wand of iceblast (18)
 G - a wand of mindburst (36)
 J - a wand of charming (33)
 M - a wand of flame (8)
 W - a wand of paralysis (9)
Scrolls
 f - 16 scrolls of teleportation
 h - a scroll of enchant armour
 k - 2 scrolls of summoning
 l - a scroll of fog
 o - 26 scrolls of identify
 p - a scroll of fear
 y - 7 scrolls of vulnerability
 E - 2 scrolls of blinking
 T - 6 scrolls of amnesia
 V - 3 scrolls of holy word
Potions
 c - 11 potions of resistance
 d - 3 potions of lignification
 q - 5 potions of magic
 w - a potion of might
 z - 2 potions of flight
 A - 6 potions of invisibility
 D - 4 potions of cancellation
 N - 8 potions of heal wounds
 O - 11 potions of ambrosia
 P - 9 potions of haste
 S - 15 potions of curing
 U - 5 potions of brilliance
Miscellaneous
 s - a phantom mirror
 v - a phial of floods
 B - a tin of tremorstones (2/2)
 K - a box of beasts
 Y - a condenser vane


   Skills:
 - Level 17.1 Fighting
 - Level 3.0 Polearms
 - Level 2.0 Throwing
 - Level 2.6 Dodging
 - Level 7.0 Stealth
 - Level 8.6 Shields
 - Level 20.0 Spellcasting
 + Level 15.2 Conjurations
 - Level 5.0 Summonings
 - Level 10.0 Transmutations
 - Level 15.0 Ice Magic
 + Level 19.2 Air Magic
 - Level 8.0 Earth Magic
 - Level 13.0 Evocations


You had 7 spell levels left.
You knew the following spells:

 Your Spells              Type           Power      Damage    Failure   Level
a - Statue Form           Tmut/Erth      52%        N/A       5%          6
b - Ozocubu's Refrigerat  Ice            48%        4d14      1%          7
c - Summon Lightning Spi  Summ/Air       89%        N/A       1%          4
d - Freezing Cloud        Conj/Ice/Air   50%        6-21      1%          5
e - Apportation           Tloc           72%        N/A       1%          1
f - Orb of Destruction    Conj           49%        9d13      1%          7
g - Irradiate             Conj/Tmut      45%        3d28      1%          5
h - Maxwell's Capacitive  Air            54%        ∞         1%          8
i - Passwall              Tmut/Erth      65%        N/A       1%          2
j - Blink                 Tloc           72%        N/A       2%          2
k - Chain Lightning       Conj/Air       51%        3d68      30%         9

Your spell library contained the following spells:

 Spells                   Type           Power      Damage    Failure   Level
 Lehudib's Crystal Spear  Conj/Erth      44%        10d11     21%         8
 Ignition                 Fire           18%        3d7       100%        8
 Freeze                   Ice            100%       1d11      0%          1
 Animate Skeleton         Necr           72%        N/A       1%          1
 Beastly Appendage        Tmut           100%       N/A       1%          1
 Foxfire                  Conj/Fire      100%       2x1d9     1%          1
 Pain                     Necr           100%       1d9       1%          1
 Summon Small Mammal      Summ           100%       N/A       1%          1
 Call Imp                 Summ           64%        N/A       1%          2
 Corpse Rot               Necr/Air       100%       N/A       1%          2
 Ensorcelled Hibernation  Hex/Ice        100%       N/A       1%          2
 Poisonous Vapours        Pois/Air       100%       N/A       1%          2
 Wereblood                Tmut           82%        N/A       1%          2
 Call Canine Familiar     Summ           64%        N/A       1%          3
 Conjure Flame            Conj/Fire      74%        6-21      1%          3
 Dazzling Flash           Conj/Hex       100%       N/A       1%          3
 Ignite Poison            Fire/Tmut/Pois 56%        N/A       1%          3
 Inner Flame              Hex/Fire       36%        N/A       1%          3
 Mephitic Cloud           Conj/Pois/Air  87%        N/A       1%          3
 Spider Form              Tmut/Pois      64%        N/A       1%          3
 Stone Arrow              Conj/Erth      100%       3d13      1%          3
 Summon Guardian Golem    Hex/Summ       52%        N/A       1%          3
 Flame Wave               Conj/Fire      74%        2d13      1%          4
 Fulminant Prism          Conj/Hex       37%        3d18      1%          4
 Hailstorm                Conj/Ice       98%        3d19      1%          4
 Ice Form                 Ice/Tmut       90%        N/A       1%          4
 Iskenderun's Mystic Bla  Conj/Tloc      74%        2d15      1%          4
 Petrify                  Tmut/Erth      79%        N/A       1%          4
 Sticky Flame             Conj/Fire      74%        2d9       1%          4
 Blade Hands              Tmut           41%        N/A       1%          5
 Fireball                 Conj/Fire      37%        3d15      1%          5
 Metabolic Englaciation   Hex/Ice        37%        N/A       1%          5
 Silence                  Hex/Air        40%        N/A       1%          5
 Yara's Violent Unravell  Hex/Tmut       32%        3d13      1%          5
 Sublimation of Blood     Necr           36%        N/A       2%          2
 Starburst                Conj/Fire      37%        6d11      2%          6
 Storm Form               Tmut/Air       48%        N/A       3%          7
 Confusing Touch          Hex            36%        N/A       4%          3
 Gell's Gravitas          Tloc           36%        N/A       4%          3
 Lesser Beckoning         Tloc           36%        N/A       4%          3
 Teleport Other           Tloc           36%        N/A       4%          3
 Tukima's Dance           Hex            36%        N/A       4%          3
 Vampiric Draining        Necr           36%        2d8       4%          3
 Alistair's Intoxication  Tmut/Pois      42%        N/A       4%          5
 Spellforged Servitor     Conj/Summ      41%        N/A       5%          7
 Eringya's Noxious Bog    Tmut/Pois      32%        N/A       8%          6
 Simulacrum               Ice/Necr       37%        N/A       10%         6
 Animate Dead             Necr           18%        N/A       14%         4
 Summon Forest            Summ/Tloc      26%        N/A       14%         5
 Summon Mana Viper        Hex/Summ       52%        N/A       14%         5
 Dragon Form              Tmut           41%        N/A       21%         7
 Summon Cactus Giant      Summ           32%        N/A       28%         6
 Agony                    Necr           36%        N/A       36%         5
 Manifold Assault         Tloc           36%        N/A       36%         5
 Monstrous Menagerie      Summ           32%        N/A       83%         7
 Summon Hydra             Summ           32%        N/A       83%         7
 Dispersal                Tloc           18%        N/A       91%         6
 Haunt                    Necr/Summ      26%        N/A       99%         7
 Malign Gateway           Summ/Tloc      26%        N/A       99%         7
 Enfeeble                 Hex            18%        N/A       100%        7
 Polar Vortex             Ice            48%        N/A       58%         9
 Borgnjor's Revivificati  Necr           18%        N/A       100%        8
 Disjunction              Tloc           18%        N/A       100%        8
 Infestation              Necr           18%        N/A       100%        8
 Necromutation            Tmut/Necr      32%        N/A       100%        8
 Summon Horrible Things   Summ           32%        N/A       100%        8
 Death's Door             Necr           18%        N/A       100%        9
 Fire Storm               Conj/Fire      37%        8d9       100%        9


Dungeon Overview and Level Annotations

Branches:
Dungeon (15/15)            Temple (1/1) D:7            Lair (6/6) D:11
 Shoals (4/4) Lair:4        Snake (4/4) Lair:4        Slime (5/5) Lair:5
    Orc (2/2) D:9             Elf (3/3) Orc:2        Vaults (4/5) D:14
  Crypt (0/3) Vaults:3     Depths (4/4) D:15            Zot (5/5) Depths:4
  IceCv (visited)

Altars:
Ashenzari
Cheibriados
Dithmenos
Elyvilon
Fedhas
Gozag
Hepliaklqana
Kikubaaqudgha
Makhleb
Nemelex Xobeh
Qazlal
Ru
Sif Muna
Trog
Uskayaw
Vehumet
Wu Jian
Xom
Yredelemnul
Zin
The Shining One
Beogh
Jiyva
Lugonu

Shops:
D:1 *   D:2 !   D:11 =   D:14 :*(   Orc:1 !   Orc:2 =(?*   Elf:1 [   Elf:2 =:=
Shoals:1 :   Shoals:2 *(*   Depths:1 *

Portals:
Hell: Depths:1 Depths:2 Depths:3 Depths:4
Abyss: Lair:1 Depths:1 Depths:2 Depths:3
Pandemonium: Depths:2
Ziggurat: Depths:2

Annotations:
D:2 Sigmund
D:3 3 runed translucent doors, Tzialkovskiy's ghost, amateur MiFi
D:4 Menkaure
Lair:1 3 runed translucent doors, Olid's ghost, journeyman DrCj
Shoals:4 Nikola
Snake:3 1 runed translucent door, BorgnjorsVileCrotch's ghost, journeyman DDFi; Jorgrun
Snake:4 1 exclusion
Zot:1 exclusion: downstairs
Zot:5 2 exclusions


Innate Abilities, Weirdness & Mutations

You are a living statue of rough stone.
Your actions are slow, but your melee attacks are powerful.
You are resistant to unholy torment.
Your maximum health is greatly increased.
You are immune to poison.
Your equipment is partially melded.
You are very small and have problems with some larger weapons.
You are too small for most types of armour.
You have supernaturally acute eyesight. (SInv)
((You cover ground extremely quickly. (Speed+++)))
((You are partially covered in iridescent scales. (AC +2)))
Your mind is acute. (Int +2)
You are clumsy. (Dex -2)
Armour fits poorly on your strangely shaped body.
You are frail. (-10% HP)
You do not regenerate when monsters are visible.
You are occasionally teleported next to monsters.
You are weak. (Str -2)
You sometimes lose the ability to read scrolls when taking damage.
You expend magic power (3 MP) to strengthen your wands.
You have hidden genetic defects.


Message History

The white draconian is lightly wounded.
The moth of wrath is severely wounded.
The black draconian knight breathes lightning at you.
The bolt of lightning hits you! You resist.
* * * LOW HITPOINT WARNING * * *
The bolt of lightning hits you but does no damage.
The red draconian hits you but does no damage.
You block the purple draconian's attack.
The black draconian knight hits you with a +0 war axe!
* * * LOW HITPOINT WARNING * * *
The red draconian hits you from afar with a +0 trident!
* * * LOW HITPOINT WARNING * * *
The black draconian hits you but does no damage.
Casting: Ozocubu's Refrigeration (mildly dangerous; 1% risk of failure)
Confirm with . or Enter, or press ? or * to list all spells.
The heat is drained from your surroundings.
You feel very cold. The monsters around you are frozen!
The rime drake resists.
The rime drake is heavily wounded.
The rime drake resists.
The rime drake is almost dead.
The quicksilver dragon is severely wounded.
The black draconian knight is heavily wounded.
The red draconian is almost dead.
The black draconian is heavily wounded.
The black draconian seems to slow down.
The purple draconian is severely wounded.
The white draconian stormcaller resists.
The white draconian stormcaller is moderately wounded.
The white draconian resists.
The white draconian is moderately wounded.
You kill the moth of wrath!
Vehumet accepts your kill.
You feel your power returning.
The black draconian knight hits you but does no damage.
The white draconian hits you from afar with a +0 halberd!
* * * LOW HITPOINT WARNING * * *
The purple draconian barely misses you. You block the rime drake's attack.
The red draconian hits you but does no damage.
The black draconian knight hits you with a +0 war axe!
You die...

#..........D......,,,,,,,,,,,>*
###########.######***********,*
*,,,,.#..,,,,,,,,,,,,^*,*
*,***.#.#*********,,,,*,* #,*
*.#.# **,****,, ***#.#####.###
*,,,***** *,,.....qd...#
*,,,,,,,, *,,.....kd...#
*,,,***** *,,......dd8.# *,,,*
*,,......Dkq.# *,,,*
*,,y.........# *****
*,,..........# *,,..........#
*,,.(........# *,,..........#
****** *,,^.........# *,,,,,
*,,..........# *,****


You could see a black draconian knight (fast, invisible), a black draconian
(slow), a purple draconian, a red draconian, a white draconian, a quicksilver
dragon, a white draconian stormcaller and 2 rime drakes.

Vanquished Creatures
  the Royal Jelly (Slime:5)
  2 ancient liches (Zot:5)
  An orb of fire (Zot:5)
  Mara (Depths:1)
  A juggernaut (Depths:2)
  Margery (Vaults:3)
  Vashnia (Snake:4)
  Saint Roka (Vaults:4)
  Frederick (Vaults:4)
  2 curse toes
  A caustic shrike (Depths:2)
  A Killer Klown (Zot:5)
  A bone dragon (Depths:4)
  4 golden dragons
  the Enchantress (Depths:1)
  5 electric golems
  Mlioglotl (Shoals:3)
  11 tentacled monstrosities
  7 Orb Guardians (Zot:5)
  2 liches
  5 quicksilver dragons
  A titan (Depths:2)
  2 deep elf master archers (Elf:3)
  A walking divine tome (Depths:2)
  18 acid blobs
  3 deep elf blademasters
  4 sphinxes
  A kraken (Shoals:4)
  5 death cobs
  4 tengu reavers
  5 shadow dragons
  3 storm dragons
  4 nagarajas (Snake:4)
  7 draconian knights
  A daeva (Depths:2)
  Donald (Shoals:3)
  10 rockslimes
  9 deep elf sorcerers (Elf:3)
  12 fire giants
  9 frost giants
  A draconian scorcher (Zot:1)
  12 azure jellies
  5 vault wardens
  A ghost moth (Zot:5)
  A draconian shifter (Zot:1)
  An orc warlord (Vaults:2)
  Aizul (Shoals:4)
  A deep elf elementalist (Elf:3)
  8 ironbound preservers
  8 quicksilver oozes
  6 ironbound thunderhulks
  A draconian stormcaller (Zot:1)
  27 very ugly things
  3 spriggan defenders (Depths:1)
  A war gargoyle (Vaults:1)
  9 stone giants
  2 green draconians (Zot:1)
  4 deep elf demonologists
  7 black draconians
  8 deep elf annihilators (Elf:3)
  2 vampire knights
  An entropy weaver (Vaults:1)
  5 purple draconians
  The ghost of Bolunijamo the Blocker, a journeyman GnFi of Okawaru (Lair:5)
  4 red draconians
  5 yellow draconians
  Azrael (D:12)
  26 dire elephants
  5 white draconians
  11 spark wasps
  2 deep elf death magi
  13 ettins
  A quicksilver dragon zombie (D:15)
  2 crystal guardians
  9 yaktaur captains
  A deep elf high priest (Elf:3)
  3 merfolk javelineers
  4 merfolk impalers
  7 fire dragons
  4 vault guards
  11 great orbs of eyes
  3 salamander tyrants
  5 boulder beetles
  9 naga warriors
  4 rakshasas
  24 centaur warriors
  5 ice dragons
  7 hydras
  A two-headed ogre (shapeshifter) (Depths:2)
  3 peacekeepers
  2 alligator snapping turtles
  7 spriggan air magi
  4 merfolk avatars
  8 anacondas
  4 merfolk aquamancers
  11 ironbound frosthearts
  3 satyrs
  27 dancing weapons
  2 deep troll shamans (D:15)
  2 tengu warriors
  6 two-headed ogres
  17 death yaks
  7 deep troll earth magi
  An orc high priest (Orc:2)
  15 deep elf knights
  6 spriggan berserkers
  Urug (D:11)
  12 naga sharpshooters
  Sonja (D:13)
  18 hell knights
  10 shock serpents
  4 iron trolls
  2 salamander mystics
  13 skeletal warriors
  A spark wasp zombie (D:15)
  10 sea snakes
  A sixfirhy (Depths:2)
  A swamp dragon (D:14)
  40 deep trolls
  9 wizards
  3 glowing orange brains
  The ghost of Troll the Grappler, a novice TrFi of Wu Jian (D:7)
  3 flayed ghosts
  7 deep elf archers
  13 harpies
  12 lindwurms
  8 necromancers
  A sphinx zombie (Vaults:4)
  A golden dragon skeleton (D:15)
  A tengu zombie (Vaults:1)
  6 naga ritualists
  11 ironbound convokers
  9 orc knights
  25 deep elf pyromancers
  16 fauns
  A stone giant zombie (Vaults:3)
  26 deep elf zephyrmancers
  19 manticores
  8 orc sorcerers
  52 ugly things
  11 shining eyes
  7 mana vipers
  A wolf spider (D:15)
  A shadow dragon skeleton (Vaults:3)
  4 cyclopes
  7 salamanders
  13 moths of wrath
  A manticore (shapeshifter) (Depths:3)
  14 merfolk sirens
  23 black mambas
  3 elephants (Lair:5)
  A stone giant skeleton (Vaults:3)
  8 human skeletons
  6 water nymphs
  An elf zombie (Vaults:1)
  12 naga magi
  2 eyes of devastation
  6 guardian serpents
  A smoke demon (Depths:2)
  A torpor snail (Lair:2)
  8 vault sentinels
  A gargoyle (D:12)
  A rime drake (Lair:5)
  3 unseen horrors
  8 cane toads
  A spriggan zombie (D:15)
  A freezing wraith (D:14)
  An ice devil (Depths:2)
  An efreet (D:14)
  4 tengu conjurers
  3 komodo dragons
  A tormentor (Depths:2)
  3 yaktaur skeletons
  A kobold demonologist (D:13)
  36 yaktaurs
  3 meliai (Lair:4)
  11 wind drakes
  26 merfolk
  A hornet (Depths:1)
  A queen bee (Lair:4)
  8 trolls
  A polar bear (Lair:5)
  A nameless horror (D:7)
  A raiju (shapeshifter) (D:15)
  A tarantella (Vaults:1)
  3 blink frogs
  8 snapping turtles
  A deep troll zombie (Vaults:4)
  127 slime creatures
  16 dream sheep
  2 ettin skeletons
  A jumping spider (Vaults:1)
  A culicivora (Vaults:1)
  2 spriggans (Depths:1)
  A culicivora (shapeshifter) (D:14)
  13 water elementals
  4 air elementals
  A shadow (D:7)
  A centaur simulacrum (D:15)
  8 small abominations
  2 wyverns
  47 yaks
  11 golden eyes
  6 fire elementals
  11 vampire mosquitoes (D:13)
  5 basilisks
  2 human simulacra
  3 chaos spawn
  32 nagas
  5 wargs
  A human zombie (Vaults:3)
  3 acid dragons
  8 water moccasins
  2 hell hounds (D:12)
  2 floating eyes
  2 ogre skeletons (Vaults:3)
  4 large abominations
  An ettin simulacrum (Vaults:1)
  32 orc warriors
  3 black bears
  7 ogres
  4 wolves
  8 centaurs
  A phantom (D:7)
  11 kobold brigands
  10 bullfrogs
  2 gnoll sergeants (D:12)
  A wyvern zombie (D:8)
  3 earth elementals
  A water moccasin skeleton (D:4)
  27 killer bees
  A wight (D:9)
  A howler monkey (D:6)
  An electric eel (Lair:6)
  2 hounds
  6 centaur zombies
  An iron imp (D:8)
  A gnoll shaman (D:6)
  23 orc priests
  4 centaur skeletons
  2 bullfrog skeletons
  40 orc wizards
  Natasha (twice) (D:3)
  An iguana (D:7)
  8 hell rats
  A howler monkey zombie (D:9)
  An adder (D:5)
  10 gnolls
  A howler monkey skeleton (D:6)
  An adder (shapeshifter) (Depths:3)
  2 dart slugs (D:3)
  70 orcs
  A ball python (D:1)
  2 bats (D:1)
  7 endoplasms
  A giant cockroach (D:1)
  A goblin (D:1)
  2 hobgoblins (D:4)
  A jackal (D:5)
  12 kobolds
  3 training dummies (Shoals:2)
  A frilled lizard (D:2)
  3 rats
  2 bushes
  A butterfly (Lair:6)
  A lurking horror (Lair:1)
  3 tentacles (Shoals:4)
1821 creatures vanquished.

Vanquished Creatures (collateral kills)
  An ironbound preserver (D:14)
  4 hydras
  4 catoblepae
  6 death yaks (Lair:6)
  3 two-headed ogres
  A tengu warrior (D:14)
  A deep elf knight (D:11)
  A goliath frog (shapeshifter) (D:9)
  A deep elf pyromancer (D:12)
  3 ugly things
  A mana viper (Snake:1)
  A cyclops (D:7)
  3 elephants (Lair:5)
  2 black mambas
  A merfolk siren (Lair:4)
  3 cane toads
  2 rime drakes
  5 komodo dragons
  A troll (D:9)
  8 blink frogs
  A merfolk (Lair:4)
  7 dream sheep (Lair:6)
  4 slime creatures
  A wraith (D:9)
  A vampire (D:7)
  2 wyverns
  14 yaks
  A basilisk (Lair:1)
  4 vampire mosquitoes
  A steam dragon (D:9)
  3 water moccasins
  7 orc warriors
  3 black bears
  An ogre (D:3)
  8 wolves
  2 centaurs (D:5)
  Blork the orc (D:4)
  A kobold brigand (D:7)
  8 bullfrogs
  A gnoll sergeant (D:5)
  4 scorpions
  2 water moccasin skeletons
  3 killer bees
  A howler monkey (D:9)
  A bullfrog zombie (D:5)
  3 centaur zombies
  A hound (D:6)
  A jelly (D:4)
  4 orc priests
  A bullfrog skeleton (D:5)
  Jessica (D:2)
  11 orc wizards
  Natasha (D:3)
  9 hell rats
  2 killer bee zombies
  A hound skeleton (D:4)
  8 gnolls
  4 adders
  A white imp (D:6)
  12 dart slugs
  2 worms
  24 orcs
  2 ball pythons (D:2)
  15 endoplasms
  2 giant cockroaches
  A goblin (D:1)
  4 hobgoblins
  3 jackals (D:5)
  5 quokkas
  4 bats
  A frilled lizard (D:2)
  9 kobolds
  2 rats (D:3)
268 creatures vanquished.

Vanquished Creatures (others)
  An orc wizard (D:9)
  A bush (Lair:5)
  46 fungi
  306 plants
  2 starspawn tentacles (Shoals:3)
  A tentacle (Shoals:4)
  11 toadstools (D:4)
  13 withered plants (D:15)
381 creatures vanquished.

Grand Total: 2470 creatures vanquished

Notes
Turn   | Place    | Note
-------+----------+-------------------------------------------
     0 | D:1      | GordonOverkill the Spriggan Summoner began the quest for
                  | the Orb.
     0 | D:1      | Reached XP level 1. HP: 9/9 MP: 5/5
   365 | D:1      | Reached XP level 2. HP: 13/13 MP: 4/6
   626 | D:1      | Reached skill level 3 in Spellcasting
  1325 | D:1      | Found a faded altar of an unknown god.
  1534 | D:1      | Reached XP level 3. HP: 16/16 MP: 5/8
  1656 | D:1      | Found Gosheym's Assorted Antiques.
  2131 | D:2      | Learned a level 2 spell: Call Imp
  2166 | D:2      | Found Wuelunke's Distillery.
  2425 | D:2      | Noticed Sigmund
  2751 | D:2      | Reached skill level 1 in Air Magic
  2842 | D:2      | Reached skill level 1 in Ice Magic
  3025 | D:2      | Found a blossoming altar of Fedhas.
  3137 | D:2      | Noticed Jessica
  3145 | D:2      | Killed Jessica
  3146 | D:2      | Reached skill level 1 in Conjurations
  3146 | D:2      | Reached XP level 4. HP: 21/21 MP: 10/10
  3691 | D:3      | Found an ancient bone altar of Kikubaaqudgha.
  3759 | D:3      | Noticed an ogre
  3760 | D:3      | Noticed Tzialkovskiy's ghost (amateur MiFi)
  3775 | D:3      | Killed an ogre
  3776 | D:3      | Reached XP level 5. HP: 24/24 MP: 11/11
  3848 | D:3      | Found a runed translucent gate.
  3848 | D:3      | Found a runed translucent gate.
  3859 | D:3      | Reached skill level 5 in Stealth
  3859 | D:3      | Reached skill level 4 in Spellcasting
  3974 | D:3      | Noticed Natasha
  4453 | D:3      | Reached XP level 6. HP: 28/28 MP: 13/13
  4914 | D:3      | Found a white marble altar of Elyvilon.
  4997 | D:3      | Found a sacrificial altar of Ru.
  5273 | D:3      | Killed Natasha
  5383 | D:3      | Found a runed translucent gate.
  5425 | D:3      | Noticed Natasha
  5436 | D:3      | Killed Natasha
  5459 | D:3      | Noticed Natasha
  5511 | D:3      | Killed Natasha
  6256 | D:1      | Bought a brightly glowing copper ring for 120 gold pieces
  6256 | D:1      | Identified the ring of Siukikh {rPois rN++ Str+5 Dex-3}
                  | (You bought it in a shop on level 1 of the Dungeon)
  6534 | D:4      | Noticed Menkaure
  6891 | D:4      | Reached XP level 7. HP: 32/32 MP: 12/15
  7708 | D:4      | Noticed Blork the orc
  7830 | D:4      | Reached skill level 5 in Spellcasting
  8392 | D:4      | Killed Blork the orc
  9293 | D:4      | Learned a level 4 spell: Summon Lightning Spire
  9312 | D:5      | Entered Level 5 of the Dungeon
  9779 | D:5      | Reached XP level 8. HP: 35/36 MP: 13/16
 11110 | D:5      | Found an ornate altar of the Wu Jian Council.
 11110 | D:5      | Found a stormy altar of Qazlal.
 11118 | D:5      | Found a blossoming altar of Fedhas.
 11120 | D:5      | Found a faded altar of an unknown god.
 11122 | D:5      | Found a faded altar of an unknown god.
 11129 | D:5      | Found a blossoming altar of Fedhas.
 11140 | D:5      | Found an ornate altar of the Wu Jian Council.
 11966 | D:5      | Found a faded altar of an unknown god.
 12582 | D:6      | Reached skill level 1 in Polearms
 13329 | D:6      | Identified the +11 war axe of No Interval {drain, rF+ rCorr
                  | Dex-3}
 13641 | D:6      | Reached skill level 5 in Air Magic
 13641 | D:6      | Reached XP level 9. HP: 35/39 MP: 12/17
 14042 | D:7      | Found a staircase to the Ecumenical Temple.
 14419 | Temple   | Entered the Ecumenical Temple
 14447 | Temple   | Became a worshipper of Vehumet
 14958 | D:7      | Reached skill level 5 in Ice Magic
 14958 | D:7      | Noticed a cyclops
 14970 | D:7      | Noticed a two-headed ogre
 15346 | D:7      | Noticed a green ugly thing
 15378 | D:7      | Killed a green ugly thing
 15498 | D:7      | Noticed a komodo dragon
 15502 | D:7      | Noticed a nameless horror
 15669 | D:7      | Noticed a boulder beetle
 15741 | D:7      | Killed a komodo dragon
 15742 | D:7      | Reached skill level 5 in Conjurations
 16155 | D:7      | Found a runed translucent gate.
 16156 | D:7      | Found a runed translucent gate.
 16157 | D:7      | Found a runed translucent gate.
 16159 | D:7      | Noticed Troll's ghost (novice TrFi)
 16235 | D:7      | Reached XP level 10. HP: 32/44 MP: 3/18
 16409 | D:8      | Noticed a two-headed ogre
 16475 | D:8      | Killed a two-headed ogre
 17433 | D:8      | Identified the amulet "Dias" {Acrobat Int+2}
 17464 | D:8      | Found a snail-covered altar of Cheibriados.
 17686 | D:9      | Found a glowing golden altar of the Shining One.
 17710 | D:9      | Reached skill level 1 in Throwing
 17775 | D:9      | Reached * piety under Vehumet
 17775 | D:9      | Offered knowledge of Freeze by Vehumet.
 17879 | D:9      | Found a staircase to the Orcish Mines.
 18073 | D:10     | Entered Level 10 of the Dungeon
 18379 | D:10     | Noticed a two-headed ogre
 18386 | D:10     | Killed a two-headed ogre
 18536 | D:10     | Learned a level 5 spell: Freezing Cloud
 18762 | D:10     | Found a bloodstained altar of Trog.
 19043 | D:9      | Offered knowledge of Shock by Vehumet.
 19109 | D:9      | Reached ** piety under Vehumet
 19267 | D:9      | Reached XP level 11. HP: 28/47 MP: 19/19
 19390 | D:9      | Noticed a centaur warrior
 19998 | D:9      | Noticed a radroach
 20000 | D:9      | Noticed a goliath frog
 20000 | D:9      | a radroach changed into a goliath frog
 20004 | D:9      | Killed a centaur warrior
 20015 | D:9      | Killed a goliath frog
 20621 | D:9      | Found a glowing golden altar of the Shining One.
 20998 | D:9      | Found a staircase to the Orcish Mines.
 21349 | D:10     | Noticed a two-headed ogre
 21377 | D:10     | Killed a two-headed ogre
 22510 | D:11     | Noticed a centaur warrior
 22563 | D:11     | Found Mieg's Jewellery Emporium.
 22564 | D:11     | Killed a centaur warrior
 22859 | D:11     | You fall into a shaft and drop 2 floors!
 22879 | D:12     | Noticed a deep elf pyromancer
 22891 | D:12     | Killed a deep elf pyromancer
 22908 | D:12     | Noticed a two-headed ogre
 22916 | D:12     | Killed a two-headed ogre
 23250 | D:13     | Noticed Sonja
 23254 | D:13     | Killed Sonja
 23377 | D:13     | Noticed a centaur warrior
 23729 | D:13     | Offered knowledge of Poisonous Vapours by Vehumet.
 23791 | D:12     | Noticed Azrael
 24045 | D:13     | Noticed a boulder beetle
 24275 | D:11     | Noticed a two-headed ogre
 24281 | D:11     | Killed a two-headed ogre
 24282 | D:11     | Reached XP level 12. HP: 51/51 MP: 6/20
 24650 | D:11     | Reached *** piety under Vehumet
 24974 | D:11     | Noticed Urug
 24988 | D:11     | Killed Urug
 24999 | D:11     | Reached skill level 10 in Air Magic
 25246 | D:11     | Found a staircase to the Lair.
 25403 | D:11     | Found Mieg's Jewellery Emporium.
 25610 | D:11     | Found a staircase to the Lair.
 25781 | Lair:1   | Entered Level 1 of the Lair of Beasts
 25781 | Lair:1   | Noticed a four-headed hydra
 25788 | Lair:1   | Killed a four-headed hydra
 25950 | Lair:1   | Found a runed translucent gate.
 25950 | Lair:1   | Found a runed translucent gate.
 25950 | Lair:1   | Found a runed translucent gate.
 25955 | Lair:1   | Noticed Olid's ghost (journeyman DrCj)
 26337 | Lair:1   | Offered knowledge of Olgreb's Toxic Radiance by Vehumet.
 27125 | Lair:1   | Reached skill level 10 in Ice Magic
 27237 | Lair:1   | Noticed a five-headed hydra
 27243 | Lair:1   | Killed a five-headed hydra
 27559 | Lair:1   | Found a corrupted altar of Lugonu.
 27684 | Lair:1   | Found a one-way gate to the infinite horrors of the Abyss.
 28448 | Lair:2   | You fall into a shaft and drop 1 floor!
 28467 | Lair:2   | Reached **** piety under Vehumet
 28470 | Lair:2   | Reached XP level 13. HP: 6/55 MP: 9/21
 29136 | Lair:2   | Offered knowledge of Lee's Rapid Deconstruction by Vehumet.
 29436 | Lair:3   | Reached skill level 1 in Fighting
 31525 | Lair:4   | Reached ***** piety under Vehumet
 31956 | Lair:4   | Found a staircase to the Snake Pit.
 32114 | Lair:4   | Reached skill level 5 in Summonings
 33179 | Lair:4   | Learned a level 1 spell: Apportation
 33314 | Lair:4   | Offered knowledge of Orb of Destruction by Vehumet.
 33318 | Lair:4   | Reached skill level 10 in Conjurations
 34151 | Lair:4   | Found a staircase to the Shoals.
 34416 | Lair:5   | Found a frozen archway.
 34431 | IceCv    | Entered an ice cave
 34506 | Lair:5   | Found a hazy altar of Hepliaklqana.
 34568 | Lair:5   | Found a transporter.
 34569 | Lair:5   | Noticed Bolunijamo's ghost (journeyman GnFi)
 34729 | Lair:5   | Reached skill level 5 in Fighting
 34729 | Lair:5   | Reached skill level 1 in Transmutations
 34753 | Lair:5   | Reached skill level 1 in Earth Magic
 34753 | Lair:5   | Reached XP level 14. HP: 45/68 MP: 5/23
 34930 | Lair:5   | Found a transporter.
 35339 | Lair:5   | Reached skill level 6 in Spellcasting
 35614 | Lair:5   | Found a viscous altar of Jiyva.
 35614 | Lair:5   | Found a staircase to the Slime Pits.
 35878 | Lair:5   | Learned a level 7 spell: Orb of Destruction
 35887 | Lair:5   | Learned a level 6 spell: Statue Form
 35913 | Lair:6   | Entered Level 6 of the Lair of Beasts
 36122 | Lair:6   | Reached skill level 7 in Spellcasting
 36834 | Lair:6   | Reached skill level 8 in Spellcasting
 36982 | Lair:6   | Offered knowledge of Hailstorm by Vehumet.
 37260 | Lair:6   | Got the Almanac of the Rocks and Shape Shifting
 37642 | Lair:6   | Reached skill level 9 in Spellcasting
 38481 | Lair:6   | Reached skill level 10 in Spellcasting
 39576 | Lair:6   | Found the +8 frozen axe "Frostbite" {freezing cloud, *Noise
                  | Fly rC+}
 40568 | D:7      | Got the Almanac of the Frostbite and Summoning
 40569 | D:7      | Identified the +6 long sword of Fedhas's Generosity
                  | {vorpal, Int+4 Stlth+}
 40576 | D:7      | Identified the +4 scale mail of the Pink Corner {Dex+4}
 40797 | D:7      | Reached XP level 15. HP: 72/72 MP: 19/30
 40928 | D:7      | Killed Troll's ghost
 41559 | Orc:1    | Entered Level 1 of the Orcish Mines
 42336 | Orc:2    | Entered Level 2 of the Orcish Mines
 42342 | Orc:2    | Offered knowledge of Lightning Bolt by Vehumet.
 44286 | Orc:2    | Found Tasyte's Assorted Antiques.
 44286 | Orc:2    | Found Xiunnaopp's Magic Scroll Boutique.
 44287 | Orc:2    | Found Poteolant's Jewellery Shop.
 44384 | Orc:2    | Found Zymetwax's Weapon Shop.
 45615 | Orc:2    | Found a staircase to the Elven Halls.
 46340 | Orc:1    | Offered knowledge of Ozocubu's Refrigeration by Vehumet.
 46349 | Orc:1    | Learned a level 7 spell: Ozocubu's Refrigeration
 46847 | Orc:1    | Found Syqe's Distillery.
 46974 | Orc:2    | Bought a scroll of blinking for 210 gold pieces
 46974 | Orc:2    | Bought a potion of heal wounds for 140 gold pieces
 46974 | Orc:2    | Bought a potion of heal wounds for 140 gold pieces
 47008 | Orc:1    | Bought a potion of haste for 120 gold pieces
 47008 | Orc:1    | Bought a potion of curing for 36 gold pieces
 47041 | Orc:2    | Bought a scroll of teleportation for 39 gold pieces
 47041 | Orc:2    | Bought a scroll of teleportation for 39 gold pieces
 47041 | Orc:2    | Bought a scroll of fear for 45 gold pieces
 47342 | D:2      | Bought a potion of curing for 39 gold pieces
 47342 | D:2      | Bought a potion of haste for 130 gold pieces
 47342 | D:2      | Bought a potion of curing for 39 gold pieces
 47342 | D:2      | Bought a potion of brilliance for 52 gold pieces
 47342 | D:2      | Bought a potion of brilliance for 52 gold pieces
 47402 | D:1      | Bought a potion of resistance for 240 gold pieces
 48961 | D:12     | Killed Azrael
 51207 | D:14     | Identified the +8 hand axe of Sogam {holy, rF+ rN+}
 51214 | D:14     | Found an ornate altar of the Wu Jian Council.
 51492 | D:14     | Found Ulent's Book Shop.
 51497 | D:14     | Reached skill level 11 in Spellcasting
 51959 | D:14     | Found Leompeza's Antique Weapon Shoppe.
 53458 | D:14     | Found Domyl's Weapon Shop.
 53517 | D:14     | Found a gate to the Vaults.
 54132 | D:14     | Bought a book of Alchemy for 420 gold pieces
 54138 | D:14     | Learned a level 5 spell: Irradiate
 54166 | D:14     | Noticed Nessos
 54179 | D:14     | Noticed Nessos
 54179 | D:14     | Nessos changed into Nessos the swamp dragon
 54197 | D:14     | Killed Nessos the swamp dragon
 54831 | D:14     | Found an opulent altar of Gozag.
 54895 | D:14     | Found Jappysm's General Store.
 54901 | D:14     | Bought a scroll of teleportation for 48 gold pieces
 55029 | D:15     | Entered Level 15 of the Dungeon
 55042 | D:15     | Reached skill level 1 in Shields
 55288 | D:15     | Reached skill level 1 in Evocations
 55950 | D:15     | Reached skill level 12 in Spellcasting
 56702 | D:15     | Found a staircase to the Depths.
 56924 | D:15     | Reached XP level 16. HP: 62/80 MP: 20/33
 58098 | D:15     | Found a staircase to the Depths.
 59024 | Snake:1  | Entered Level 1 of the Snake Pit
 60309 | Snake:1  | Reached skill level 13 in Spellcasting
 60925 | Orc:2    | Bought the ring "Ininiq" {rElec rN+ rCorr} for 420 gold
                  | pieces
 63404 | Snake:2  | You fall into a shaft and drop 1 floor!
 64007 | Snake:3  | Found a runed translucent door.
 64008 | Snake:3  | Found a shimmering altar of Xom.
 64008 | Snake:3  | Noticed BorgnjorsVileCrotch's ghost (journeyman DDFi)
 64074 | Snake:3  | Reached skill level 5 in Shields
 64403 | Snake:3  | Noticed Jorgrun
 65425 | Snake:2  | Identified the +1 plate armour of Watchfulness {rN+ Will+
                  | Int+6 Slay-4}
 65899 | Snake:2  | Identified a scroll of acquirement
 65900 | Snake:2  | Acquired the ring "Sesoe" {rC+ rN+ Will+ MP+9 Str-2 SInv}
 65972 | Snake:2  | Offered knowledge of Eringya's Noxious Bog by Vehumet.
 67109 | Orc:2    | Bought a scroll of fog for 26 gold pieces
 67320 | D:1      | Bought a scroll of fog for 48 gold pieces
 67720 | Snake:4  | Entered Level 4 of the Snake Pit
 67896 | Snake:4  | Got Daopsogu's Guide on Mutagenic Orientation
 68847 | Snake:4  | Reached XP level 17. HP: 84/84 MP: 4/35
 70642 | Snake:4  | Noticed Vashnia
 71514 | Snake:4  | Killed Vashnia
 72454 | Snake:4  | Got a serpentine rune of Zot
 73235 | Shoals:1 | Entered Level 1 of the Shoals
 73926 | Shoals:1 | Offered knowledge of Conjure Ball Lightning by Vehumet.
 73987 | Shoals:1 | Found Wajoh's Book Emporium.
 75821 | Shoals:2 | Found Solupy's General Store.
 75821 | Shoals:2 | Found Byanias's Specific Store.
 76153 | Shoals:2 | Found Cir Jeze's Firing Range.
 77622 | Shoals:3 | Reached skill level 14 in Spellcasting
 78637 | Shoals:3 | Noticed Donald
 78641 | Shoals:3 | Killed Donald
 79520 | Shoals:3 | Noticed Mlioglotl
 80593 | Shoals:3 | Killed Mlioglotl
 80841 | Shoals:4 | Entered Level 4 of the Shoals
 81107 | Shoals:4 | Reached XP level 18. HP: 88/91 MP: 22/37
 81194 | Shoals:4 | Got Cinic's Almanac of Attacks and the Snowflakes
 81548 | Shoals:4 | Identified the +6 scimitar of Gisit {holy, MP+9}
 81931 | Shoals:4 | Noticed Nikola
 82905 | Shoals:4 | Reached skill level 10 in Fighting
 83047 | Shoals:4 | Got a barnacled rune of Zot
 83139 | Shoals:4 | Offered knowledge of Maxwell's Capacitive Coupling by
                  | Vehumet.
 83215 | Shoals:4 | Learned a level 8 spell: Maxwell's Capacitive Coupling
 83789 | Shoals:4 | Noticed Aizul
 83797 | Shoals:4 | Killed Aizul
 84277 | Vaults:1 | Entered Level 1 of the Vaults
 84306 | Vaults:1 | Found a portal to a secret trove of treasure.
 87125 | Vaults:1 | Reached skill level 15 in Spellcasting
 89238 | Vaults:2 | Reached XP level 19. HP: 100/100 MP: 35/39
 89432 | Vaults:2 | Reached ****** piety under Vehumet
 89612 | Vaults:2 | Offered knowledge of Lehudib's Crystal Spear by Vehumet.
 89612 | Vaults:2 | Offered knowledge of Chain Lightning by Vehumet.
 89612 | Vaults:2 | Offered knowledge of Ignition by Vehumet.
 90833 | Vaults:2 | Reached skill level 15 in Air Magic
 93386 | Vaults:3 | Reached skill level 16 in Spellcasting
 93539 | Vaults:3 | Found a flickering gateway to a bazaar.
 93554 | Bazaar   | Entered a bazaar
 93678 | Bazaar   | Found Zefiudoc's Magic Scroll Boutique.
 93678 | Bazaar   | Found Loptaphe's Antique Armour Shop.
 93707 | Bazaar   | Found Rukaness's Assorted Antiques.
 93707 | Bazaar   | Found Neturphi's Assorted Antiques.
 93719 | Bazaar   | Bought a potion of brilliance for 116 gold pieces
 93719 | Bazaar   | Bought a scroll of blinking for 217 gold pieces
 93725 | Bazaar   | Bought 2 potions of magic for 256 gold pieces
 93749 | Bazaar   | Bought a scroll of summoning for 76 gold pieces
 97073 | Vaults:3 | Noticed Margery
 98560 | Vaults:3 | Gained mutation: You tend to lose your temper in combat.
                  | [mutagenic glow]
 99024 | Vaults:3 | Found a staircase to the Crypt.
 99675 | Vaults:3 | Killed Margery
 99676 | Vaults:3 | Reached XP level 20. HP: 47/105 MP: 17/41
100744 | Vaults:3 | Found a staircase to the Crypt.
101256 | Vaults:4 | Noticed Saint Roka
101275 | Vaults:4 | Killed Saint Roka
101432 | Vaults:4 | Reached skill level 17 in Spellcasting
102735 | Vaults:4 | Noticed Frederick
104485 | Vaults:4 | Killed Frederick
105525 | Elf:1    | Entered Level 1 of the Elven Halls
105528 | Elf:1    | Paralysed by an air elemental for 1 turns
106490 | Elf:1    | Found Boanof's Armour Shoppe.
108178 | Elf:1    | Found Boanof's Armour Shoppe.
109635 | Elf:2    | Found Capreolo's Jewellery Shop.
109636 | Elf:2    | Found Yckyita's Book Emporium.
109638 | Elf:2    | Found Kahagula's Jewellery Shop.
109648 | Elf:2    | Bought the amulet of Jurrosougu {RegenMP Rampage MP+9} for
                  | 894 gold pieces
110958 | Elf:2    | Found a huge runed translucent gate.
110958 | Elf:2    | Found a huge runed translucent gate.
110958 | Elf:2    | Found a huge runed translucent gate.
110959 | Elf:2    | Found a huge runed translucent gate.
110960 | Elf:2    | Found a huge runed translucent gate.
111827 | Elf:2    | Reached XP level 21. HP: 110/110 MP: 43/43
112826 | Elf:2    | Found Capreolo's Jewellery Shop.
112827 | Elf:2    | Found Yckyita's Book Emporium.
112829 | Elf:2    | Found Kahagula's Jewellery Shop.
113098 | Elf:3    | Entered Level 3 of the Elven Halls
113532 | Elf:3    | Reached skill level 18 in Spellcasting
114212 | Elf:3    | Identified the +9 morningstar "Betues" {freeze, Int+4}
114557 | Elf:3    | Identified the ring "Geq Umas" {rF- rN+ Dex+6 SInv}
114589 | Elf:3    | Identified the amulet "Koompouk" {Acrobat rPois Dex+4}
114599 | Elf:3    | Identified the +10 long sword of the Crypt {spect, rPois
                  | rF+}
114833 | Elf:3    | Identified the +0 scale mail of Fun and Games {rF+}
114861 | Elf:3    | Identified the +8 great sword of the Chopping Augurer
                  | {pain, Contam rPois Int+4 Stlth+}
114930 | Elf:3    | Reached skill level 15 in Conjurations
114950 | Elf:3    | Identified the +7 long sword "Wewulus" {holy, *Slow rElec
                  | rC+}
115010 | Elf:3    | Found the +3 giant club "Skullcrusher" {speed, Str+7}
115645 | Depths:1 | Entered Level 1 of the Depths
116040 | Shoals:1 | Bought a book of Spatial Translocations for 416 gold pieces
116043 | Shoals:1 | Learned a level 2 spell: Passwall
116046 | Shoals:1 | Learned a level 2 spell: Blink
116286 | Depths:1 | Noticed Mara
116291 | Depths:1 | Noticed GordonOverkill's illusion
116292 | Depths:1 | Reached skill level 5 in Transmutations
116292 | Depths:1 | Killed Mara
117297 | D:15     | Reached skill level 5 in Earth Magic
117751 | D:15     | Lost mutation: You tend to lose your temper in combat.
                  | [potion of mutation]
117751 | D:15     | Gained mutation: You are covered in fur. (AC +1) [potion of
                  | mutation]
117751 | D:15     | Gained mutation: You are partially covered in iridescent
                  | scales. (AC +2) [potion of mutation]
118312 | Depths:1 | Noticed the Enchantress
118350 | Depths:1 | Killed the Enchantress
118719 | Depths:1 | Noticed a golden dragon
118729 | Depths:1 | Killed a golden dragon
118973 | Depths:1 | Found Riacw's CLEARANCE SALE!.
119231 | Depths:1 | Found a sparkling altar of Nemelex Xobeh.
119415 | Depths:1 | Found a gateway to Hell.
119759 | Depths:2 | Reached XP level 22. HP: 116/116 MP: 45/45
121068 | Depths:2 | Identified the +3 triple sword of Delicate Reinforcement
                  | {venom, MP+9}
121086 | Depths:2 | Reached skill level 15 in Ice Magic
121214 | Depths:2 | Noticed a juggernaut
121217 | Depths:2 | Killed a juggernaut
121975 | Depths:2 | Found a one-way gateway to a ziggurat.
122454 | Depths:2 | Noticed a golden dragon
122457 | Depths:2 | Killed a golden dragon
122464 | Depths:2 | Noticed a caustic shrike
122468 | Depths:2 | Killed a caustic shrike
122756 | Depths:2 | Found a one-way gate leading to the halls of Pandemonium.
123922 | Depths:2 | Found a one-way gate leading to the halls of Pandemonium.
124411 | Depths:3 | Reached skill level 15 in Fighting
124816 | Depths:3 | Noticed a golden dragon
124830 | Depths:3 | Reached skill level 5 in Evocations
124830 | Depths:3 | Killed a golden dragon
124907 | Depths:3 | Noticed a golden dragon
124911 | Depths:3 | Killed a golden dragon
125578 | Depths:3 | Reached XP level 23. HP: 79/126 MP: 46/46
125988 | Depths:3 | Identified the +8 hunting sling "Unwa" {vorpal, Str+3}
126480 | Depths:4 | Entered Level 4 of the Depths
126804 | Depths:4 | Found a gate to the Realm of Zot.
127046 | Depths:4 | Found a white marble altar of Elyvilon.
127453 | Slime:1  | Entered Level 1 of the Pits of Slime
127454 | Slime:1  | Gained mutation: You tend to lose your temper in combat. [a
                  | shining eye]
127945 | Slime:3  | Reached skill level 19 in Spellcasting
128087 | Slime:3  | Reached skill level 10 in Transmutations
128182 | Slime:4  | Gained mutation: You are dopey. (Int -2) [a shining eye]
128225 | Slime:5  | Entered Level 5 of the Pits of Slime
128298 | Slime:5  | Gained mutation: You occasionally shout uncontrollably at
                  | your foes. [a shining eye]
128777 | Slime:5  | Noticed the Royal Jelly
128777 | Slime:5  | Gained mutation: Armour fits poorly on your strangely
                  | shaped body. [a shining eye]
129116 | Slime:4  | Reached skill level 10 in Evocations
129561 | Slime:4  | Gained mutation: You do not regenerate when monsters are
                  | visible. [mutagenic glow]
129603 | Slime:4  | Lost mutation: You are covered in fur. (AC +1) [potion of
                  | mutation]
129603 | Slime:4  | Lost mutation: You occasionally shout uncontrollably at
                  | your foes. [potion of mutation]
129603 | Slime:4  | Gained mutation: You are frail. (-10% HP) [potion of
                  | mutation]
129603 | Slime:4  | Gained mutation: You expend magic power (3 MP) to
                  | strengthen your wands. [potion of mutation]
129603 | Slime:4  | Gained mutation: Your flesh is heat resistant. (rF+)
                  | [potion of mutation]
129895 | Orc:1    | Bought a potion of mutation for 96 gold pieces
129895 | Orc:1    | Lost mutation: You are frail. (-10% HP) [potion of
                  | mutation]
129895 | Orc:1    | Lost mutation: You tend to lose your temper in combat.
                  | [potion of mutation]
129895 | Orc:1    | Lost mutation: You are dopey. (Int -2) [potion of mutation]
129895 | Orc:1    | Gained mutation: You have hidden genetic defects. [potion
                  | of mutation]
129895 | Orc:1    | Gained mutation: You are clumsy. (Dex -2) [potion of
                  | mutation]
130148 | Lair:5   | Killed Bolunijamo's ghost
130177 | Lair:5   | Lost mutation: Armour fits poorly on your strangely shaped
                  | body. [potion of mutation]
130177 | Lair:5   | Lost mutation: Your flesh is heat resistant. (rF+) [potion
                  | of mutation]
130177 | Lair:5   | Gained mutation: You sometimes lose the ability to read
                  | scrolls when taking damage. [potion of mutation]
130177 | Lair:5   | Gained mutation: Armour fits poorly on your strangely
                  | shaped body. [potion of mutation]
130177 | Lair:5   | Gained mutation: Your mind is acute. (Int +2) [potion of
                  | mutation]
130186 | Lair:5   | Identified the +0 helmet of the Fifty Ears {Int+2}
130328 | Slime:5  | Found a viscous altar of Jiyva.
130329 | Slime:5  | Found the +7 great mace "Firestarter" {inner flame, rF++}
130331 | Slime:5  | Found the +9 staff of Wucad Mu {*channel}
130727 | Slime:5  | Killed the Royal Jelly
131153 | Slime:5  | Identified the amulet of the Empire {Faith rN+}
131176 | Slime:5  | Got the Guide on Curses and Shape Shifting
131220 | Slime:5  | Got a slimy rune of Zot
131257 | Slime:5  | Identified the ring "Ronocvod" {rCorr MP+9 Int+4}
131471 | D:11     | Learned a level 9 spell: Chain Lightning
131824 | Vaults:1 | You showed the slimy rune of Zot to enter a treasure trove
131825 | Trove    | Entered a treasure trove
131827 | Trove    | Found the +3 warlock's mirror {reflect}
131828 | Trove    | Found the +3 crown of Dyrovepreva {rElec Int+2 SInv}
131830 | Trove    | Identified the +1 hat "Oliuth" {Int-3 Dex+7}
131831 | Trove    | Identified the +0 hat of Henotheism {rPois Regen+ Slay+6
                  | Stlth-}
131833 | Trove    | Identified the +0 buckler of the Pits of Slime {rElec rF++
                  | rC+}
131847 | Trove    | Identified the +0 buckler of Bybrun {*Slow rElec rF++
                  | Slay+6}
131849 | Trove    | Identified the +2 cloak of Leapfrog {Will+ Int-2 Slay+5}
131864 | Trove    | Identified the +1 robe "Ares" {rElec rC++ rN+ Int-5}
132035 | Zot:1    | Entered Level 1 of the Realm of Zot
132583 | Zot:1    | Lost strength.
132583 | Zot:1    | Gained mutation: You are weak. (Str -2) [hidden defects]
132586 | Zot:1    | Reached XP level 24. HP: 101/132 MP: 47/47
133947 | Zot:4    | Reached skill level 20 in Spellcasting
134129 | Zot:5    | Entered Level 5 of the Realm of Zot
135103 | Zot:5    | Gained mutation: You have terrible hidden genetic defects.
                  | [hidden defects]
135103 | Zot:5    | Lost mutation: You have terrible hidden genetic defects.
                  | [hidden defects expressed]
135317 | Zot:5    | Noticed an ancient lich
135322 | Zot:5    | Killed an ancient lich
135658 | Zot:5    | Noticed a Killer Klown
135737 | Zot:5    | Noticed a Killer Klown
135795 | Zot:5    | Noticed a Killer Klown
135800 | Zot:5    | Killed a Killer Klown
135825 | Zot:5    | Noticed an ancient lich
135828 | Zot:5    | Killed an ancient lich
136299 | Zot:5    | Noticed an orb of fire
136300 | Zot:5    | Gained mutation: You are occasionally teleported next to
                  | monsters. [an orb of fire]
136303 | Zot:5    | Killed an orb of fire
136640 | Zot:5    | Noticed a Killer Klown
136640 | Zot:5    | Noticed an orb of fire
136640 | Zot:5    | Noticed a dread lich
136765 | Zot:1    | Gained mutation: You are frail. (-10% HP) [hidden defects]
138997 | Zot:2    | HP: 2/158 [white draconian (8)]
138997 | Zot:2    | Mangled by a black draconian knight

Illustrated notes

Levels and vault maps discovered:
D:1:      lightli_arrival_farm, layout_basic, chequers_ecumenical_altar_grove,
          serial_shops, shop, amcnicky_mini_rare_corridor_liquid
D:2:      layout_loops_ring, basic_altar, serial_shops, nicolae_shop_trees,
          serial_park_tiny_1, lemuel_flame_loot_1, uniq_jessica, uniq_sigmund
D:3:      kennysheep_slugbush, layout_rooms, lemuel_crystal_altar,
          mainiacjoe_overflow_catwalk, mainiacjoe_overflow_paths,
          gammafunk_ghost_split, minmay_fractal_squares_5, uniq_natasha
D:4:      cheibrodos_fertilizer, layout_basic, uniq_menkaure, uniq_blork_the_orc
D:5:      layout_basic, chequers_temple_overflow_minitemple,
          minmay_misc_feat_roman
D:6:      layout_gridville
D:7:      minmay_the_grid_triangle_9x9_recursive_2
          [minmay_the_grid_triangle_9x9_prize_center,
          minmay_the_grid_triangle_9x9_negative_grid,
          minmay_the_grid_triangle_9x9_thin_v,
          minmay_the_grid_triangle_9x9_corruption], layout_loops_cross,
          minmay_temple_entry_trees, gammafunk_ghost_nasty_kobolds,
          enter_bailey_2
D:8:      layout_basic, slow_altar_2
D:9:      layout_basic, nicolae_tso_carved_into_rock, david_orc_5,
          minmay_pinched_square
D:10:     layout_basic, amcnicky_altar_gilded, minmay_unpleasant_kobolds
D:11:     layout_rooms, david_lair_shrubbed, serial_shops, nicolae_diamond_shop,
          sword_in_stone
D:12:     layout_loops_ring, gauntlet_entry_generic, uniq_azrael
D:13:     layout_loops_corners, uniq_urug, uniq_sonja
D:14:     layout_cave_pools, skrybe_vaults_entry_preservation,
          nicolae_wu_jian_wuxing_cycle, serial_shops, nicolae_diamond_shop,
          nicolae_shop_hallway_plus,
          nicolae_shop_temple_entry_statues_fountains, kennysheep_little_box,
          nicolae_gozag_seed_capital, uniq_nessos
D:15:     gammafunk_depths_entry_grave, layout_loops_corners,
          minmay_misc_feat_five
Temple:   cyrus_circular_temple
Lair:1:   layout_hall_layers, gammafunk_ghost_split, minmay_stone_trees_medium,
          amcnicky_altar_lugonu_corruption, infiniplex_staircase_pool
Lair:2:   layout_loops_ring, lemuel_fruit_tree
Lair:3:   layout_layer_cave, lemuel_fruit_fields
Lair:4:   layout_gridlike, elwin_shoals_entry_stream, dummy_snake_entry,
          special_room [special_room_bee]
Lair:5:   layout_loops_ring, dpeg_slime_entry_enclosed_altar,
          portal_ice_cave_rime, gammafunk_ghost_berserking_beasts, basic_altar
Lair:6:   evilmike_catoblepas_cave, layout_regular_city,
          amcnicky_mini_pool_medium, lemuel_fruit_fields, lemuel_fruit_fields
Shoals:1: layout_shoals, serial_shops, shop
Shoals:2: layout_shoals, nicolae_specific_store, nicolae_shop_firing_range,
          uniq_ilsuiw
Shoals:3: layout_shoals, uniq_mlioglotl, uniq_donald
Shoals:4: shoals_end_hangedman, layout_shoals, uniq_aizul, uniq_nikola
Snake:1:  layout_onion, grunt_ministairs_2, nicolae_snake_linked_coils,
          grunt_megastairs_2
Snake:2:  layout_misc_corridors
Snake:3:  layout_misc_corridors, ebering_ghost_xom, uniq_jorgrun
Snake:4:  grunt_snake_rune_serpentine_throne, layout_cave_town
Slime:1:  layout_caves
Slime:2:  layout_caves
Slime:3:  layout_caves
Slime:4:  layout_caves
Slime:5
Orc:1:    layout_caves, serial_shops, nicolae_shop_trees
Orc:2:    st_orc_mages, layout_caves
Elf:1:    nicolae_elf_arrival_aired_out, layout_loops_corners, serial_shops,
          nicolae_lakefront_shop, evilmike_minifort
Elf:2:    elven_hall_of_blades_hangedman_alternative
          [nicolae_blade_entry_sentries_behind_glass], layout_geoelf_grid,
          minmay_shop_grove
Elf:3:    minmay_elf_hall_dome, layout_geoelf_castle
Vaults:1: vaults_dpeg_cross, nicolae_vaults_little_squares_5,
          hangedman_vaults_nails, nicolae_vaults_circle_grid_b,
          hangedman_vaults_stitches, ontoclasm_vaults_misaligned,
          vaults_mumra_minichess_inversion, ontoclasm_vaults_gateway,
          special_room_vaults [special_room_orc], layout_vaults_omnigrid,
          nicolae_trove_entry_crystal
Vaults:2: ontoclasm_vaults_ring_square, nicolae_vaults_sealed_display,
          vaults_room_hallway, v_alt_pattern_3, vaults_room_pools, v_misc_11,
          v_alt_pattern_4, ontoclasm_vaults_eye,
          nicolae_vaults_little_squares_6, vaults_standard_mumra_x,
          layout_vaults_omnibox
Vaults:3: nicolae_vaults_rhombus_5, ontoclasm_vaults_shuriken,
          ontoclasm_vaults_bender, v_rooms_6, ontoclasm_vaults_twist,
          v_pattern_2, vaults_room_corners, minmay_crypt_entry_skeletal_spiral,
          vaults_room_corners, vaults_dpeg_spiral, grunt_vaults_funnel,
          layout_vaults_chaotic_city, serial_shops, bzr_entry_islet,
          uniq_margery
Vaults:4: v_rooms_4, vaults_room_ringed_pool, ontoclasm_vaults_misaligned,
          grunt_vaults_focal, nicolae_vaults_disjoint_gnomons,
          grunt_vaults_swirl, hangedman_vaults_snaps,
          grunt_vaults_hallway_short, nicolae_vaults_little_squares_3,
          vaults_mumra_chevron, ontoclasm_vaults_water_temple,
          layout_vaults_omnicross, uniq_frederick, uniq_saint_roka
Depths:1: layout_gridville, hell_entry, nemelex_xobeh_ov_fountains_minmay,
          minmay_room_of_horrors, nicolae_shop_clearance,
          roderic_lattice_octagonal_star, grunt_megastairs_3, uniq_enchantress,
          uniq_mara
Depths:2: evilmike_diamond_2, layout_gridlike, enter_ziggurat_d,
          rand_demon_pan_entry_7, abyss_entry, hell_entry,
          minmay_tree_intersection, grunt_megastairs_5, minmay_staircase_statues
Depths:3: hangedman_stitches_corridor, layout_cave_pools,
          minmay_misc_feat_tower, hell_entry, hangedman_abyss_entry_splay
Depths:4: evilmike_zot_entry_basic, layout_cave_pools,
          nicolae_elyvilon_peaceful_grove, hell_entry, serial_bayou_shore_b
Zot:1:    layout_basic
Zot:2:    layout_basic
Zot:3:    kennysheep_bubbly, layout_basic, lemuel_baited_zot_trap
Zot:4:    layout_onion
Zot:5:    layout_concentric_octagons

Skill      XL: |  1  2  3  4  5  6  7  8  9 10 11 12 13 14 15 16 17 18 19 20 21 22 23 24 |
---------------+-------------------------------------------------------------------------+-----
Spellcasting   | 3 4 5 10 12 13 14 15 16 17 18 19 20 | 20.0
Air Magic      | 1 2 3 5 6 7 9 11 12 13 16 17 18 19 | 19.2
Ice Magic      | 1 2 3 4 5 7 8 10 11 12 13 14 15 | 15.0
Stealth        | 4 5 6 7 |  7.0
Conjurations   | 1 2 3 4 5 6 8 9 10 11 12 13 14 15 | 15.2
Polearms       | 1 3 |  3.0
Summonings     | 4 5 |  5.0
Throwing       | 2 |  2.0
Fighting       | 5 7 8 11 12 15 17 | 17.1
Transmutations | 1 3 7 8 10 | 10.0
Earth Magic    | 1 2 7 8 |  8.0
Shields        | 2 6 8 |  8.6
Evocations     | 3 4 6 13 | 13.0
Dodging        | |  2.6

Action                   |  1- 3 |  4- 6 |  7- 9 | 10-12 | 13-15 | 16-18 | 19-21 | 22-24 || total
-------------------------+-------+-------+-------+-------+-------+-------+-------+-------++-------
Melee: Unarmed           |     5 |       |       |       |       |       |       |       ||     5
       Whip              |    23 |       |       |       |       |       |       |       ||    23
       Dagger            |    25 |    47 |       |       |       |       |       |       ||    72
       Punch             |     1 |     1 |       |     1 |     1 |       |       |       ||     4
       Trident           |       |    44 |   233 |       |       |       |       |       ||   277
       War axe           |       |       |     8 |   137 |    30 |       |       |       ||   175
       Staff             |       |       |       |       |     4 |       |    10 |       ||    14
       Long sword        |       |       |       |       |    39 |     1 |       |     2 ||    42
       Hand axe          |       |       |       |       |       |       |     1 |       ||     1
Throw: Throwing net      |       |       |       |     1 |       |       |       |       ||     1
       Dart              |       |       |       |     2 |       |       |       |       ||     2
 Cast: Summon Small Mamm |    55 |    62 |   103 |    16 |       |       |       |       ||   236
       Call Imp          |    10 |    39 |    74 |     9 |     2 |       |       |       ||   134
       Summon Lightning  |       |       |    10 |    86 |   112 |     6 |       |       ||   214
       Freezing Cloud    |       |       |       |    57 |   356 |    17 |     9 |     1 ||   440
       Ozocubu's Refrige |       |       |       |       |    53 |   673 |   513 |   317 ||  1556
       Orb of Destructio |       |       |       |       |    34 |    28 |    33 |       ||    95
       Irradiate         |       |       |       |       |    11 |    49 |   101 |    43 ||   204
       Maxwell's Capacit |       |       |       |       |       |       |    83 |   175 ||   258
       Statue Form       |       |       |       |       |       |       |    15 |    63 ||    78
       Blink             |       |       |       |       |       |       |       |     1 ||     1
 Abil: End Transformatio |       |       |       |       |       |       |       |    21 ||    21
Evoke: Wand              |       |       |       |    19 |     7 |     5 |     3 |     9 ||    43
       Condenser vane    |       |       |       |       |       |       |     1 |     1 ||     2
       Tin of tremorston |       |       |       |       |       |       |       |     1 ||     1
       Phantom mirror    |       |       |       |       |       |       |       |     1 ||     1
  Use: Scroll            |     1 |     3 |    16 |    11 |    11 |     5 |     8 |     6 ||    61
       Potion            |       |     1 |     5 |     3 |     2 |     2 |     3 |     5 ||    21
 Stab: Sleeping          |     2 |     3 |     5 |     1 |       |       |     1 |       ||    12
       Distracted        |       |     2 |     6 |     5 |     1 |       |       |       ||    14
       Held in net/web   |       |       |       |     1 |       |       |       |       ||     1
Armor: Robe              |    14 |    13 |    65 |    55 |    29 |    20 |    18 |    13 ||   227
       Skin              |       |       |    30 |    20 |       |       |    62 |   125 ||   237
Dodge: Dodged            |    55 |    74 |   245 |   164 |   159 |    96 |   253 |   221 ||  1267
       Repelled          |       |       |       |       |       |     4 |    12 |    26 ||    42
Block: Buckler           |       |       |       |       |       |    24 |       |    83 ||   107
       Reflection        |       |       |       |       |       |    13 |       |       ||    13
